 Dungeon Crawl Stone Soup version 0.24-a0-581-gc0fa6600bf (webtiles) character file.

Game seed: 14499114967633450369

78 AP0 the Skirmisher (level 4, -1/38 HPs)
             Began as a Centaur Fighter on Aug 23, 2019.
             Slain by a gnoll
             ... wielding a +1 whip of electrocution
              (2 damage)
             ... on level 4 of the Dungeon.
             The game lasted 00:07:52 (911 turns).

AP0 the Skirmisher (Centaur Fighter)                 Turns: 911, Time: 00:07:53

Health: -1/38      AC:  6    Str: 19    XL:     4   Next: 15%
Magic:  4/4        EV:  6    Int:  7    God:
Gold:   21         SH:  8    Dex:  9    Spells: 3/3 levels left

rFire    . . .     SeeInvis .   o - +8 hand axe of Arbitration {chop, rPois}
rCold    . . .     Gourm    .   c - +0 shield
rNeg     . . .     Faith    .   k - +0 ring mail
rPois    +         Spirit   .   (no helmet)
rElec    .         Reflect  .   (no cloak)
rCorr    .         Harm     .   (no gloves)
MR       .....     Rnd*Tele +   (no barding)
Stlth    ..........             (no amulet)
HPRegen  0.12/turn              j - ring of teleportation (curse)
MPRegen  0.09/turn              (no ring)

@: very quick
A: large, hooves 3, deformed body, speed 2, tough skin 3
a: no special abilities


You were on level 4 of the Dungeon.
You were very full.

You visited 1 branch of the dungeon, and saw 4 of its levels.

You collected 21 gold pieces.

Inventory:

Hand Weapons
 a - a +0 rapier
 d - a +0 falchion
 l - a +0 war axe
 o - the +8 hand axe of Arbitration (weapon) {chop, rPois}
   (You found it on level 4 of the Dungeon)

   It inflicts extra damage upon your enemies.
   It protects you from poison.
Armour
 b - a +0 scale mail
 c - a +0 shield (worn)
 k - a +0 ring mail (worn)
 m - a +0 naga barding
Jewellery
 j - a cursed ring of teleportation (left hand)
Scrolls
 e - 2 scrolls of identify {unknown}
 f - a scroll of immolation {unknown}
 i - a scroll of random uselessness {unknown}
Potions
 g - a potion of curing
 h - 3 potions of heal wounds {unknown}
 n - a potion of degeneration {unknown}


   Skills:
 + Level 3.4 Fighting
 + Level 2.4 Short Blades
 + Level 2.7 Armour
 + Level 2.7 Shields


You had 3 spell levels left.
You didn't know any spells.
Your spell library was empty.

Dungeon Overview and Level Annotations

Branches:
Dungeon (4/15)
 Temple: D:4-7

Altars:

Annotations:
D:4 Edmund


Innate Abilities, Weirdness & Mutations

You have hooves in place of feet.
Armour fits poorly on your strangely shaped body.
You cover ground very quickly.
You have extremely tough skin. (AC +3)


Message History

A gnoll comes into view.
It is wielding a +1 whip of electrocution.
The orc hits you with a cursed -3 war axe.
Edmund the Younger comes into view.
He is wielding a +2 flail of protection.
Edmund shouts!
You hit the orc.
You kill the orc!
You hear a shout! x2
You barely miss the gnoll.
Edmund clears his throat.
The gnoll hits you with a +1 whip of electrocution.
You closely miss the gnoll. You block the gnoll's attack.
The gnoll hits you but does no damage.
A gnoll comes into view. It is wielding a +0 club.
You barely miss the gnoll. Your kick misses the gnoll.
The gnoll hits you but does no damage.
You are electrocuted!!
Ouch! That really hurt!
* * * LOW HITPOINT WARNING * * *
You barely miss the gnoll.
The gnoll hits you with a +1 whip of electrocution.
You die...

# #### ###. ...#
....% .#.#
#....g#### # .#.#
.....@g@.# .#
##.#
......##)####.###
#.# .....
##.......(# #.#
.... #.....###.#
#.# .## #.#.#...#
#.######
#.#.###.#
#......# #.#..
... #####.## ####
#.#### ### #.#.#
..# #...#


You could see Edmund and 2 gnolls.

Vanquished Creatures
  An adder (D:3)
  3 oozes (D:1)
  2 leopard geckos
  11 orcs
  2 bats (D:1)
  4 giant cockroaches (D:1)
  6 goblins
  A hobgoblin (D:3)
  4 jackals (D:1)
  A ball python (D:3)
  A kobold (D:3)
  5 rats (D:1)
41 creatures vanquished.

Notes
Turn   | Place    | Note
-------+----------+-------------------------------------------
     0 | D:1      | AP0 the Centaur Fighter began the quest for the Orb.
     0 | D:1      | Reached XP level 1. HP: 19/19 MP: 1/1
     1 | D:1      | Found a runed translucent door.
    20 | D:1      | Reached XP level 2. HP: 26/26 MP: 2/2
    67 | D:1      | Reached XP level 3. HP: 26/31 MP: 3/3
   792 | D:4      | Got a steaming hand axe
   794 | D:4      | Identified the +8 hand axe of Arbitration {chop, rPois}
                  | (You found it on level 4 of the Dungeon)
   804 | D:4      | Reached XP level 4. HP: 38/38 MP: 4/4
   906 | D:4      | Noticed Edmund
   910 | D:4      | HP: 1/38 [gnoll/+1 whip of electrocution (19)]
   911 | D:4      | Slain by a gnoll

Levels and vault maps discovered:
D:1:      dpeg_arrival_caged_fury, layout_loops_ring
D:2:      layout_loops_cross, chequers_temple_overflow_statue_of_worship,
          first_ration
D:3:      minmay_angry_zag, layout_loops_ring
D:4:      layout_basic, minmay_temple_entry_stoned_glass, st_stairs_4,
          minmay_three_crescents, uniq_edmund, uniq_ijyb

Skill      XL: |  1  2 |
---------------+-------+-----
Short Blades   | 2 |  2.4
Fighting       | |  3.4
Armour         | |  2.7
Shields        | |  2.7

Action                   |  1- 3 |  4- 6 || total
-------------------------+-------+-------++-------
Melee: Rapier            |    68 |       ||    68
       Kick              |    16 |     2 ||    18
       Hand axe          |     4 |    10 ||    14
  Use: Potion            |     3 |       ||     3
  Eat: Ration            |     1 |     1 ||     2
Armor: Scale mail        |    26 |       ||    26
       Ring mail         |    11 |     1 ||    12
Dodge: Dodged            |    25 |     2 ||    27
Block: Shield            |    48 |     1 ||    49

Table legend:
 A = Non-vault XP
 B = Vault XP
 C = Vault XP percentage of total XP
 D = Non-vault monster count
 E = Vault monster count
 F = Vault count percentage of total count
                 A         B        C        D         E       F
            +---------+---------+-------+---------+---------+-------
      Total |      52 |      60 |  53.6 |      24 |      17 |  41.5
            +---------+---------+-------+---------+---------+-------
        D:1 |      13 |      38 |  74.5 |       8 |      13 |  61.9
        D:3 |      24 |      16 |  40.0 |      11 |       2 |  15.4
        D:4 |      15 |       6 |  28.6 |       5 |       2 |  28.6
            +---------+---------+-------+---------+---------+-------
